 Dungeon Crawl Stone Soup version 0.26.0-7-g794d0892b4 (webtiles) character file.

Game seed: 11278490586309697859

49 dolemite99 the Poker (level 3, 0/49 HPs)
             Began as a Draconian Berserker on Jan 11, 2021.
             Was a Follower of Trog.
             Slain by an orc priest
             ... wielding a +0 war axe
              (6 damage)
             ... on level 2 of the Dungeon.
             The game lasted 00:02:10 (1799 turns).

dolemite99 the Poker (Draconian Berserker)          Turns: 1799, Time: 00:02:11

Health: 0/49       AC:  5    Str: 20    XL:     3   Next: 51%
Magic:  3/3        EV: 13    Int:  7    God:    Trog [*.....]
Gold:   21         SH:  0    Dex: 10    Spells: 2/2 levels left

rFire    . . .     SeeInvis .   a - +0 spear
rCold    . . .     Faith    .   (no shield)
rNeg     . . .     Spirit   .   (armour unavailable)
rPois    .         Reflect  .   (helmet restricted)
rElec    .         Harm     .   (no cloak)
rCorr    .         Rampage  .   (no gloves)
Will     .....                  (no boots)
Stlth    ..........             (no amulet)
HPRegen  0.16/turn              (no ring)
MPRegen  0.08/turn              (no ring)

@: berserking (expiring), very quick
A: unfitting armour, cold-blooded, AC +5
a: Renounce Religion, Berserk


You were on level 2 of the Dungeon.
You worshipped Trog.
Trog was aware of your devotion.
You visited 1 branch of the dungeon, and saw 2 of its levels.

You collected 21 gold pieces.

Inventory:

Hand Weapons
 a - a +0 spear (weapon)
Missiles
 b - 15 arrows
 e - 52 stones
Jewellery
 j - an uncursed ring of flight {unknown}
Scrolls
 d - a scroll of blinking {unknown}
 g - a scroll of fog {unknown}
 i - a scroll of identify {unknown}
Potions
 c - 2 potions of curing {unknown}
 f - a potion of cancellation {unknown}
 h - a potion of berserk rage {unknown}


   Skills:
 + Level 3.8 Fighting
 * Level 3.9 Polearms
 + Level 3.1 Dodging


You had 2 spell levels left.
You didn't know any spells.
Your spell library was empty.

Dungeon Overview and Level Annotations

Branches:
Dungeon (2/15)

Altars:

Annotations:
D:2 Sigmund


Innate Abilities, Weirdness & Mutations

Your plain brown scales are hard. (AC +5)
You cannot fit into any form of body armour.
You are cold-blooded and may be slowed by cold attacks.


Message History

The orc priest mumbles some strange prayers to Beogh against you.
Beogh smites you!
You closely miss something. You puncture something! Something hits you!
* * * LOW HITPOINT WARNING * * *
The orc priest closely misses you.
You miss something. You miss something. You tail-slap something.
The orc priest begins to cast a cantrip, but forgets the words!
Something hits you.
* * * LOW HITPOINT WARNING * * *
You hit something but do no damage. The orc priest closely misses you.
You closely miss something.
You hear some strange, mumbled words.
A magic dart appears from out of thin air!
The magic dart hits you.
* * * LOW HITPOINT WARNING * * *
You puncture something!
The orc priest hits you with a +0 war axe.
You die...

≈≈≈............)#..........# #.
≈≈≈.............#..........####.
≈≈≈........o.............†......
≈≈≈......†...†.......###########
≈≈≈#...........†.....# ≈≈
#...........†.....# ≈
............#......#
≈.##.##......#{o....# ≈. #.
#......#@.....# .
........#......#
.####+####......# .........
.###...... .. ...... .. ......
... ...... ... .....


You could see an orc priest.

Vanquished Creatures
  An ooze (D:1)
  2 dart slugs
  3 leopard geckos (D:1)
  An orc (D:2)
  5 bats
  2 giant cockroaches (D:1)
  5 goblins
  3 hobgoblins (D:1)
  2 frilled lizards (D:1)
  7 kobolds
  4 rats
35 creatures vanquished.

Notes
Turn   | Place    | Note
-------+----------+-------------------------------------------
     0 | D:1      | dolemite99 the Draconian Berserker began the quest for the
                  | Orb.
     0 | D:1      | Reached XP level 1. HP: 19/19 MP: 1/1
    57 | D:1      | Reached XP level 2. HP: 24/26 MP: 2/2
  1181 | D:1      | Reached XP level 3. HP: 33/33 MP: 3/3
  1752 | D:2      | Reached ** piety under Trog
  1765 | D:2      | Noticed Sigmund
  1799 | D:2      | Slain by an orc priest

Illustrated notes

Levels and vault maps discovered:
D:1:      wander_arrival_abandoned_jail, layout_loops_ring
D:2:      wander_river, layout_basic, uniq_terence, uniq_sigmund

Skill      XL: |  1  2 |
---------------+-------+-----
Dodging        | 3 |  3.1
Fighting       | |  3.8
Polearms       | |  3.9

Action                   || total
-------------------------++-------
Melee: Spear             ||   121
       Tailslap          ||    11
Invok: Berserk           ||    11
       Trog's Hand       ||     1
 Stab: Sleeping          ||     1
Armor: Skin              ||    49
Dodge: Dodged            ||   124
